 Dungeon Crawl Stone Soup version 0.18-a0-1773-gec4f98e (webtiles) character file.

255 epen the Slasher (level 6, 0/52 HPs)
             Began as a Naga Gladiator on Apr 14, 2016.
             Killed from afar by an orc wizard (13 damage)
             ... with a puff of flame
             ... on level 4 of the Dungeon.
             The game lasted 00:04:45 (3970 turns).

epen the Slasher (Naga Gladiator)                   Turns: 3970, Time: 00:04:46

Health: 0/52       AC:  4    Str: 19    XL:     6   Next: 15%
Magic:  6/6        EV: 11    Int:  8    God:
Gold:   104        SH:  0    Dex: 12    Spells: 0 memorised, 5 levels left

rFire  . . .     SeeInvis +     y - +2 dagger (venom)
rCold  . . .     Gourm    .     x - +0 leather armour {rPois}
rNeg   . . .     Faith    .     (no shield)
rPois  +         Spirit   .     c - +0 helmet
rElec  .         Dismiss  .     (no cloak)
rCorr  .         Reflect  .     (no gloves)
SustAt .         Harm     .     (no barding)
MR     .....                    (no amulet)
Stlth  +++.......               (no ring)
                                (no ring)

@: about to teleport, very slow, not resistant to hostile enchantments, fairly
stealthy
A: see invisible, deformed body, poison resistance, slowness 2, slow metabolism
1, spit poison 2, AC +2
a: Spit Poison


You were on level 4 of the Dungeon.
You were near starving.

You visited 1 branch of the dungeon, and saw 4 of its levels.

You collected 104 gold pieces.

Inventory:

Hand Weapons
 a - a +0 long sword
 y - a +2 dagger of venom (weapon)
Missiles
 d - 3 throwing nets (quivered)
Armour
 b - a +0 leather armour
 c - a +0 helmet (worn)
 l - a +0 chain mail
 x - a +0 leather armour of poison resistance (worn)
 z - a +0 scale mail
Scrolls
 e - a scroll of immolation {unknown}
 g - a scroll of identify {unknown}
 h - a scroll of enchant armour {unknown}
 m - a scroll of fog {unknown}
 n - a scroll of amnesia {unknown}
 t - 2 scrolls of teleportation
 w - a scroll of noise {unknown}
Potions
 i - a potion of might {unknown}
 j - a potion of brilliance {unknown}
 o - a potion of agility {unknown}
 p - a potion of heal wounds {unknown}
 q - a potion of curing {unknown}
 v - a potion of haste {unknown}
Books
 B - a Fen Folio

   Spells                             Type                      Level
   a - Corpse Rot                     Necromancy                   2
   b - Stone Arrow                    Conjuration/Earth            3
   c - Leda's Liquefaction            Hexes/Earth                  4
   d - Summon Forest                  Summoning/Translocation      5
   e - Hydra Form                     Transmutation                6
   f - Summon Hydra                   Summoning                    7
Comestibles
 f - 2 bread rations
 k - 3 fruits
 r - a slice of pizza
 u - a beef jerky
 A - a meat ration


   Skills:
 - Level 2.0 Fighting
 * Level 4.7 Long Blades
 - Level 1.7 Throwing
 * Level 3.9 Dodging
 + Level 4.1 Stealth


You had 5 spell levels left.
You didn't know any spells.

Dungeon Overview and Level Annotations

Branches:
Dungeon (4/15)
 Temple: D:4-7

Altars:
Elyvilon
Pakellas
The Shining One

Annotations:
D:4 dobroeutro's ghost, amateur GrFi


Innate Abilities, Weirdness & Mutations

You cannot wear boots.
Your serpentine skin is tough (AC +2).
You have supernaturally acute eyesight.
Armour fits poorly on your strangely shaped body.
Your system is resistant to poisons.
You cover ground very slowly.
You have a slow metabolism.
You can spit poison.


Message History

Your +1 dagger of venom glows red for a moment.
The orc wizard hits you but does no damage.
The orc wizard hits you with a dagger.
* * * LOW HITPOINT WARNING * * *
Read which item? (? for menu, Esc to quit)
As you read the scroll labeled ESUNIS OSUH, it crumbles to dust.
You feel strangely unstable.
It was a scroll of teleportation.
The orc wizard hits you but does no damage.
You closely miss the orc wizard.
You feel yourself speed up. The orc wizard hits you with a dagger.
* * * LOW HITPOINT WARNING * * *
The orc wizard barely misses you.
You barely miss the orc wizard. You hit the orc wizard.
The orc wizard is poisoned.
The orc wizard is moderately wounded.
You have got your breath back.
The orc wizard points at you and mumbles some strange words.
The puff of flame hits you!
You die...

#.# #.# ##+## #.#
##...## #.#### #.....##
#....# ....(..## ##.##.#
.......[####...#.###.#.#
........'...............
..>.....####...#.###.#.#
.......## ##.##@#
#.....## ####o# ##...##
####W##### ##+##
#.....)..# #.##.###.# #
#.# .# ..# o# ...# o#
.#..# o#


You could see an orc wizard and dobroeutro's ghost.

Vanquished Creatures
  An orc priest (D:4)
  2 orc wizards (D:4)
  A worker ant (D:4)
  A hound skeleton (D:4)
  A gnoll (D:1)
  4 adders
  A howler monkey skeleton (D:3)
  3 worms
  3 dart slugs
  3 giant geckos
  8 orcs
  7 bats
  A giant cockroach (D:3)
  4 goblins
  5 hobgoblins
  2 quokkas (D:3)
  A ball python (D:1)
  A giant newt (D:1)
  3 kobolds (D:1)
  8 rats
60 creatures vanquished.

Notes
Turn   | Place    | Note
--------------------------------------------------------------
     0 | D:1      | epen the Naga Gladiator began the quest for the Orb.
     0 | D:1      | Reached XP level 1. HP: 19/19 MP: 1/1
    59 | D:1      | Reached skill level 1 in Stealth
   361 | D:1      | Reached XP level 2. HP: 13/26 MP: 2/2
  1182 | D:1      | Reached XP level 3. HP: 32/32 MP: 3/3
  1339 | D:2      | Found a white marble altar of Elyvilon.
  1716 | D:2      | Found an oddly glowing altar of Pakellas.
  2130 | D:2      | Reached XP level 4. HP: 19/39 MP: 4/4
  2609 | D:3      | Found a glowing golden altar of the Shining One.
  3206 | D:3      | Reached XP level 5. HP: 45/45 MP: 5/5
  3958 | D:4      | Reached XP level 6. HP: 25/52 MP: 6/6
  3961 | D:4      | Noticed dobroeutro's ghost (amateur GrFi)
  3970 | D:4      | Killed from afar by an orc wizard

Vault maps used:
D:1:      dpeg_arrival_sounds_slurp
D:2:      old_standard_altar, lemuel_crystal_altar, first_bread
D:3:      lemuel_round_altar
D:4:      ashenzari_altar_1, minmay_statues_item

Skill      XL: |  1  2  3  4  5 |
---------------+----------------+-----
Stealth        | 1 2 3 4 |  4.1
Dodging        | 3 |  3.9
Long Blades    | 4 |  4.7
Fighting       | |  2.0
Throwing       | |  1.7

Action                   |  1- 3 |  4- 6 || total
-------------------------+-------+-------++-------
Melee: Long sword        |    71 |    99 ||   170
       Dagger            |       |     9 ||     9
 Abil: Spit Poison       |     3 |    10 ||    13
  Use: Scroll            |       |     2 ||     2
 Stab: Sleeping          |     3 |     7 ||    10
  Eat: Chunk             |     3 |     3 ||     6
Armor: Leather armour    |    21 |    36 ||    57
Dodge: Dodged            |    38 |    54 ||    92
